 Dungeon Crawl Stone Soup version 0.27.1 (webtiles) character file.

Game seed: 8422894224087016208

5 comborobin the Grasshopper (level 1, 0/17 HPs)
             Began as a Palentonga Warper on Aug 24, 2021.
             Frozen to death by an endoplasm (4 damage)
             ... on level 1 of the Dungeon.
             The game lasted 00:01:04 (54 turns).

comborobin the Grasshopper (Palentonga Warper)        Turns: 54, Time: 00:01:05

Health: 0/17       AC:  4    Str: 14    XL:     1   Next: 66%
Magic:  3/3        EV:  9    Int: 13    God:
Gold:   0          SH:  0    Dex:  9    Spells: 4/4 levels left

rFire    . . .     SeeInvis +     - Unarmed
rCold    . . .     Faith    .   (no shield)
rNeg     . . .     Spirit   .   a - +0 leather armour
rPois    .         Reflect  .   (no helmet)
rElec    .         Harm     .   (no cloak)
rCorr    .         Rampage  .   (no gloves)
Will     .....                  (no barding)
Stlth    +.........             (no amulet)
HPRegen  0.05/turn              (no ring)
MPRegen  0.08/turn              (no ring)

@: no status effects
A: large, rugged brown scales 3, see invisible, deformed body, roll 1, armoured
tail
a: Rolling Charge


You were on level 1 of the Dungeon.
You visited 1 branch of the dungeon, and saw 1 of its levels.

Inventory:

Missiles
 c - 3 boomerangs of dispersal (quivered)
Armour
 a - a +0 leather armour (worn)
Scrolls
 b - a scroll of blinking


   Skills:
 - Level 2.0 Fighting
 - Level 0.6 Throwing
 - Level 0.7 Armour
 - Level 1.5 Dodging
 + Level 2.5 Unarmed Combat
 - Level 2.0 Spellcasting
 - Level 3.0 Translocations


You had 4 spell levels left.
You didn't know any spells.
Your spell library contained the following spells:

 Spells                   Type           Power      Damage    Failure   Level
 Blink                    Tloc           N/A        N/A       14%         2
 Gell's Gravitas          Tloc           4%         N/A       28%         3
 Lesser Beckoning         Tloc           4%         N/A       28%         3
 Teleport Other           Tloc           9%         N/A       28%         3
 Manifold Assault         Tloc           9%         N/A       95%         5


Dungeon Overview and Level Annotations

Branches:
Dungeon (1/15)

Altars:


Innate Abilities, Weirdness & Mutations

You are completely covered in rugged brown scales. (AC +3, +7% HP)
You have supernaturally acute eyesight. (SInv)
Armour fits poorly on your strangely shaped body.
You can roll at nearby foes to attack.
You have a long armoured tail.


Message History

You roll forward with a clatter of scales!
You closely miss the kobold. The bat hits you but does no damage.
The bat closely misses you. The kobold closely misses you.
Unknown command.
There's nothing you can charge at!
Unknown command.
The bat completely misses you. The bat hits you but does no damage.
The kobold barely misses you. The bat hits you but does no damage.
A bat comes into view.
The bat hits you but does no damage.
The bat moves out of view.
The bat hits you but does no damage. The bat hits you but does no damage.
The bat barely misses you. The bat closely misses you.
The bat closely misses you. The bat barely misses you.
The bat hits you but does no damage. The bat hits you but does no damage.
The bat closely misses you. The bat closely misses you.
You aren't carrying any potions.
Unknown command.
Throw: 5 boomerangs (disperse)
Press: ? - help, Q - select action, (/) - cycle Shift-Dir - straight line, f/p - kobold
Aim: a kobold, wielding a +0 short sword (45% to hit)
You throw a boomerang of dispersal.
The boomerang of dispersal hits the kobold but does no damage.
The bat hits you but does no damage.
Throw: 4 boomerangs (disperse)
Press: ? - help, Q - select action, (/) - cycle Shift-Dir - straight line, f/p - kobold
Aim: a kobold, wielding a +0 short sword (45% to hit)
You throw a boomerang of dispersal.
The boomerang of dispersal closely misses the kobold.
The boomerang of dispersal barely misses the endoplasm.
The bat barely misses you.
The kobold hits you with a +0 short sword.
* * * LOW HITPOINT WARNING * * *
You barely miss the kobold. The kobold hits you but does no damage.
The endoplasm freezes you.
You are frozen.
You die...

#.#.##.#.........##
#...#..##.........#
#...#........####).....#
#...#....##### .......
#...###..# .......
#.......## .......
#...>..b# .......
#.....JK# .......
#...###@# ...$...
#.<.#...# #...#...#
#####...# #####


You could see an endoplasm, a bat and a kobold.

Vanquished Creatures
  A goblin (D:1)
  A kobold (D:1)
  A quokka (D:1)
  A ball python (D:1)
  A bat (D:1)
5 creatures vanquished.

Notes
Turn   | Place    | Note
-------+----------+-------------------------------------------
     0 | D:1      | comborobin the Palentonga Warper began the quest for the
                  | Orb.
     0 | D:1      | Reached XP level 1. HP: 17/17 MP: 3/3
    54 | D:1      | Frozen to death by an endoplasm

Illustrated notes

Levels and vault maps discovered:
D:1:      amcnicky_arrival_blooded_trapdoor, layout_rooms,
          basic_ecumenical_altar

Action                   || total
-------------------------++-------
Melee: Unarmed           ||    22
       Tailslap          ||     2
       Punch             ||     1
Throw: Boomerang         ||     2
 Abil: Rolling Charge    ||    12
Armor: Leather armour    ||    21
Dodge: Dodged            ||    29
